 Dungeon Crawl Stone Soup version 0.26-a0-712-ga5a9c9c9d0 (webtiles) character file.

Game seed: 12570336593820033049

8 Maxadon the Insei (level 1, -1/15 HPs)
             Began as a Demigod Transmuter on Oct 31, 2020.
             Slain by a leopard gecko (5 damage)
             ... on level 1 of the Dungeon.
             The game lasted 00:06:13 (128 turns).

Maxadon the Insei (Demigod Transmuter)               Turns: 128, Time: 00:06:14

Health: -1/15      AC:  2    Str: 13    XL:     1   Next: 80%
Magic:  5/5        EV: 12    Int: 17    God:
Gold:   0          SH:  0    Dex: 16    Spells: 2/3 levels left

rFire    . . .     SeeInvis .   b - +0 dagger
rCold    . . .     Faith    .   (no shield)
rNeg     . . .     Spirit   .   a - +0 robe
rPois    .         Reflect  .   (helmet currently unavailable)
rElec    .         Harm     .   (no cloak)
rCorr    .         Rampage  .   (no gloves)
MR       .....                  (boots currently unavailable)
Stlth    +.........             (no amulet)
HPRegen  0.05/turn              (no ring)
MPRegen  0.09/turn              (no ring)

@: appendages (expiring)
A: horns 2, talons 2, high mp 1
a: End Transformation


You were on level 1 of the Dungeon.
You had grown temporary horns.
You had grown temporary talons.
You visited 1 branch of the dungeon, and saw 1 of its levels.

Inventory:

Hand Weapons
 b - a +0 dagger (weapon)
Missiles
 c - 48 stones
 d - 2 javelins (quivered)
Armour
 a - a +0 robe (worn)


   Skills:
 + Level 0.8 Fighting
 + Level 1.9 Dodging
 + Level 2.9 Unarmed Combat
 + Level 1.9 Spellcasting
 + Level 2.0 Transmutations


You had 2 spell levels left.
You knew the following spells:

 Your Spells              Type           Power        Failure   Level
a - Beastly Appendage     Tmut           #.....       9%          1

Your spell library contained the following spells:

 Spells                   Type           Power        Failure   Level
 Wereblood                Tmut           #.......     13%         2
 Spider Form              Tmut/Pois      #.........   36%         3
 Ice Form                 Ice/Tmut       #.......     77%         4
 Blade Hands              Tmut           #.........   93%         5


Dungeon Overview and Level Annotations

Branches:
Dungeon (1/15)


Innate Abilities, Weirdness & Mutations

You have an increased reservoir of magic. (+10% MP)
You have a pair of horns on your head.
You have razor-sharp toenails.


Message History

The javelin pierces through the jackal.
You kill the jackal!
The giant cockroach closely misses you.
Throwing (i - inventory. (/) - cycle)
d - 3 javelins (quivered)
Press: ? - help, Shift-Dir - straight line, f - jackal
Aim: a jackal You throw a javelin.
The javelin pierces through the giant cockroach.
You kill the giant cockroach!
The javelin closely misses the jackal.
Your transformation is almost over.
The jackal closely misses you.
You hit the jackal. Your headbutt misses the jackal.
The jackal is almost dead.
The jackal barely misses you. x2
You hit the jackal but do no damage. You claw the jackal.
You kill the jackal!
Your Transmutations skill increases to level 2!
The leopard gecko bites you.
You die...

. .. ####### ...
###.....### ....
####.........#### .....
#@'....(8.....'.#
....$g##l##..[......##.##
(...lh..†.###.....####.##
.?.?###.(...###'### #...
. #.#####.....## #... #.#
#...<...#..... #.#
##.....##.#### .(#
#######.. .## ...


You could see a leopard gecko.

Vanquished Creatures
  A giant cockroach (D:1)
  A goblin (D:1)
  4 jackals (D:1)
6 creatures vanquished.

Notes
Turn   | Place    | Note
-------+----------+-------------------------------------------
     0 | D:1      | Maxadon the Demigod Transmuter began the quest for the Orb.
     0 | D:1      | Reached XP level 1. HP: 15/15 MP: 5/5
   128 | D:1      | Slain by a leopard gecko

Illustrated notes

Levels and vault maps discovered:
D:1:      minmay_arrival_shattered_statue, layout_rooms,
          chequers_serial_rivers_large_a

Skill      XL: |  1 |
---------------+----+-----
Transmutations | 2 |  2.0
Fighting       | |  0.8
Dodging        | |  1.9
Unarmed Combat | |  2.9
Spellcasting   | |  1.9

Action                   || total
-------------------------++-------
Melee: Dagger            ||     5
       Kick              ||     1
Throw: Javelin           ||     8
 Cast: Beastly Appendage ||     1
  Use: Scroll            ||     1
Armor: Robe              ||     4
Dodge: Dodged            ||    16

Table legend: (Time is in decaauts)
 A = Elapsed time spent in this place.
 B = Non-inter-level travel time spent in this place.
 C = Inter-level travel time spent in this place.
 D = Time resting spent in this place.
 E = Time spent auto-exploring this place.
 F = Levels seen in this place.
 G = Mean time per level.
                   A        B        C        D        E       F      G
               +--------+--------+--------+--------+--------+-----+--------+
         Total |    131 |     96 |     35 |      0 |     48 |   1 |  131.0 |
       Dungeon |    131 |     96 |     35 |      0 |     48 |   1 |  131.0 |
               +--------+--------+--------+--------+--------+-----+--------+

Top non-repeatable levels by time:
     D:1: 131 daAuts
